 Dungeon Crawl Stone Soup version 0.17.2-1-ge4368a0 (webtiles) character file.

42 Goblin1989 the Insei (level 3, 0/29 HPs)
             Began as a Demonspawn Monk on Nov 4, 2016.
             Slain by a phantom (5 damage)
             ... on level 4 of the Dungeon.
             The game lasted 00:05:47 (1862 turns).

Goblin1989 the Insei (Demonspawn Monk)              Turns: 1862, Time: 00:05:47

Health: 0/29       AC:  5    Str: 12    XL:     3   Next: 33%
Magic:  3/3        EV: 13    Int: 11    God:
Gold:   58         SH:  0    Dex: 15    Spells: 0 memorised, 2 levels left

rFire  . . .     SeeInvis .       - Unarmed
rCold  . . .     Clarity  .     a - +1 robe
rNeg   . . .     SustAt   .     (no shield)
rPois  .         Gourm    .     (no helmet)
rElec  .         Spirit   .     (no cloak)
rCorr  .         Warding  .     l - +0 pair of gloves
rMut   .         Stasis   .     (no boots)
MR     .....                    (no amulet)
Stlth  ++........               (no ring)
                                (no ring)

@: not resistant to hostile enchantments, unstealthy
A: icy blue scales 1, demonic guardian 1
a: no special abilities


You were on level 4 of the Dungeon.
You were very hungry.

You visited 2 branches of the dungeon, and saw 4 of its levels.

You collected 58 gold pieces.

Inventory:

Armour
 a - a +1 robe (worn)
 l - a +0 pair of gloves (worn)
Wands
 d - a wand of fire (3)
Scrolls
 e - a scroll of immolation {!r}
 R - a scroll of identify {@r1}
 T - 2 scrolls of teleportation {!r, @r4}
Potions
 f - 2 potions of lignification {!q}
 k - 2 potions of flight {unknown}
 m - 2 potions of heal wounds {!q, @q2}
 o - a potion of might {unknown}
Comestibles
 b - 2 bread rations {@e1}
 c - a slice of pizza


   Skills:
 - Level 3.0 Fighting
 - Level 2.6 Dodging
 - Level 1.7 Stealth
 + Level 4.7 Unarmed Combat


You had 2 spell levels left.
You didn't know any spells.

Dungeon Overview and Level Annotations

Branches:
Dungeon (4/15)             Temple (1/1) D:4

Altars:
Ashenzari
Cheibriados
Dithmenos
Elyvilon
Fedhas
Kikubaaqudgha
Makhleb
Nemelex Xobeh
Okawaru
Qazlal
Ru
Sif Muna
Trog
Xom
Yredelemnul
Zin
The Shining One


Innate Abilities, Weirdness & Mutations

You are partially covered in icy blue scales (AC +1).
A weak demonic guardian rushes to your aid.


Message History

There is a fountain of sparkling water here.
There is a fountain of sparkling water here.
You barely miss the phantom.
The phantom is almost destroyed.
The phantom completely misses you.
You barely miss the phantom.
The phantom is almost destroyed.
The phantom hits you but does no damage.
You hit the phantom but do no damage.
You punch the phantom, but do no damage.
The phantom is almost destroyed.
The phantom misses you.
You hit the phantom but do no damage.
The phantom is almost destroyed.
The phantom blinks!
The phantom hits you but does no damage.
You barely miss the phantom.
The phantom is almost destroyed.
The phantom hits you.
You die... █.█ █.█ █████████████

█.█ █...█...█...█ █.█
█.Ψ.█.Ψ.█.Ψ.█ ███.██
█...█...█...█ .....███
██.███.███.██
███....████████...█...█...█
..█..█..........W...Ψ...Ψ.█
█......████████.@.█...█...█
██...███ ██.███.██████
█.....█ █...█...█...█
██...██ █.Ψ.█.Ψ...>.█
...).█ █...█...█...█ ███.██


█████████████ █.█ ██∆██ ██...██ You could see a phantom.

Vanquished Creatures
  A hound skeleton (D:4)
  A ball python (D:1)
  4 giant cockroaches (D:1)
  3 goblins (D:1)
  2 hobgoblins
  4 jackals (D:1)
  4 kobolds (D:1)
  3 bats
  A giant gecko (D:1)
  A quokka skeleton (D:4)
  7 rats (D:1)
31 creatures vanquished.

Notes
Turn   | Place    | Note
--------------------------------------------------------------
     0 | D:1      | Goblin1989 the Demonspawn Monk began the quest for the Orb.
     0 | D:1      | Reached XP level 1. HP: 18/18 MP: 1/1
   204 | D:1      | Reached skill level 4 in Unarmed Combat
   207 | D:1      | Gained mutation: A weak demonic guardian rushes to your aid. [demonic ancestry]
   207 | D:1      | Reached XP level 2. HP: 24/24 MP: 2/2
  1413 | D:2      | Gained mutation: You are partially covered in icy blue scales (AC +1). [demonic ancestry]
  1413 | D:2      | Reached XP level 3. HP: 29/29 MP: 3/3
  1419 | D:2      | You fall through a shaft for 2 floors!
  1526 | D:4      | Noticed a phantom
  1543 | D:4      | Found a staircase to the Ecumenical Temple.
  1578 | Temple   | Entered the Ecumenical Temple
  1820 | D:4      | HP: 1/29 [phantom (5)]
  1862 | D:4      | Slain by a phantom

Action                   || total
-------------------------++-------
Melee: Unarmed           ||   160
  Use: Scroll            ||     7
 Stab: Sleeping          ||     5
  Eat: Chunk             ||     2

Vault maps used:
D:1:      onia_arrival_larder
D:2:      uniq_natasha
D:4:      minmay_temple_entry_nine_rooms, serial_shops, shop, enter_ossuary_1,
          gup_sewer_entry_spiral, uniq_blork_the_orc
Temple:   minmay_crystal_snake_temple_18
